Cogmind - Beta 17.1 @@@ ROGUE MODE // 2026.09.16 @ 01:50:09 Player: 4R-ZE3 Result: Self-destructed Performance ------------- Evolutions (2) 1000 Regions Visited (3) 600 Robots Destroyed (22) 110 Value Destroyed (546) 546 Prototype IDs (1) 20 Alien Tech Used (0) 0 Bonus (0) 0 TOTAL SCORE: 2276 Bonus ------- None Cogmind --------- Core Integrity 550/550 Matter 189/300 Energy 250/250 System Corruption 0% Temperature Cool (0) Movement Treading (240) Ox1 Location -8/Materials Parts ------- > --- POWER (1) -------- Ion Engine > --- PROPULSION (4) --- Light Treads Light Treads Light Treads > --- UTILITY (4) ------ Huge Storage Unit > --- WEAPON (2) ------- Assault Rifle Enhanced Autogun > --- INVENTORY (25) --- Light Nuclear Core Compact Wheel Small Storage Unit EM Pulse Gun Medium Laser Medium Laser Medium Laser Medium Laser Medium Laser Gauss Rifle Grenade Launcher Mining Laser Peak State ------------ > --- POWER ------------ Ion Engine > --- PROPULSION ------- Light Treads Light Treads Compact Wheel Compact Wheel > --- UTILITY ---------- Huge Storage Unit > --- WEAPON ----------- Assault Rifle Enhanced Autogun > --- INVENTORY -------- Light Treads Small Storage Unit EM Pulse Gun Medium Laser Medium Laser Medium Laser Medium Laser Medium Laser Grenade Launcher Mining Laser [Rating: 12] Favorites ----------- Power Ion Engine Engine Ion Engine Propulsion Compact Wheel Treads Light Treads Leg Aluminum Leg Wheel Compact Wheel Utility Huge Storage Unit Device Heat Sink Storage Huge Storage Unit Weapon Medium Laser Energy Gun Medium Laser Ballistic Gun Assault Rifle Launcher Grenade Launcher Build | -11 -10 -10 -8 ------- Run | Yrd Mat Sub Mat Slots Evolved 4 | . . . 4 Power . | . . . . Propulsion 2 | . . . 2 Utility 2 | . . . 2 Weapon . | . . . . Parts Attached 16 | . 12 . 4 Power 3 | . 3 . . Engine 3 | . 3 . . Core . | . . . . Reactor . | . . . . Propulsion 5 | . 2 . 3 Treads 3 | . . . 3 Leg . | . . . . Wheel 2 | . 2 . . Hover . | . . . . Flight . | . . . . Utility 2 | . 2 . . Device 1 | . 1 . . Storage 1 | . 1 . . Processor . | . . . . Hackware . | . . . . Protection . | . . . . Artifact . | . . . . Weapon 6 | . 5 . 1 Energy Gun 3 | . 3 . . Energy Cannon . | . . . . Ballistic Gun 2 | . 1 . 1 Ballistic Cannon . | . . . . Launcher 1 | . 1 . . Special Weapon . | . . . . Impact Weapon . | . . . . Slashing Weapon . | . . . . Piercing Weapon . | . . . . Special Melee Weapon . | . . . . Unidentified Prototypes 1 | . . . 1 Parts Lost 4 | . 3 . 1 Power 2 | . 2 . . Propulsion 1 | . . . 1 Utility 1 | . 1 . . Weapon . | . . . . Highest Loss Streak 3 | . 3 . 1 To Critical Strikes . | . . . . Average Backups 9 | . 9 11 10 Power . | . . . . Propulsion 3 | . 3 3 1 Utility . | . . 1 1 Weapon 5 | . 4 7 8 Tool/Special . | . . . . Unused Backups 8 | . 4 . 4 Power . | . . . . Propulsion 4 | . 4 . . Utility 1 | . . . 1 Weapon 3 | . . . 3 Tool/Special . | . . . . Average Slot Usage (%) 86 | . 92 85 66 Engine 12 | . 12 14 9 Treads 4 | . . . 23 Leg 8 | . 12 . . Wheel 15 | . 15 28 6 Device 5 | . 8 . . Storage 13 | . 14 14 9 Energy Gun 12 | . 15 14 1 Ballistic Gun 10 | . 8 14 16 Launcher 2 | . 4 . . Peak Build Rating 12 | . 8 7 12 Average Rating 7 | . 6 7 11 On Entrance 6 | 6 6 7 7 Avg Prop Armor Cover (%) 2 | . . . 2 Naked Turns . | . . . . Heaviest Build 90 | 12 89 89 90 Greatest Support 60 | 20 32 32 60 Greatest Overweight (x) 2 | . 2 2 2 Average Overweight (x) 1 | . . 2 1 Largest Inventory Capacity 25 | . 25 25 25 Average Capacity 19 | . 17 25 25 Most Carried 12 | . 11 11 12 Average Carried 9 | . 9 11 10 Final Capacity 25 | 8 25 25 25 Final Carried 12 | 6 11 11 12 Class Distribution -------------------- 100% | Mutant Dominant Class ---------------- Mutant | -10/Materials Mutant | -10/Subcaves Mutant | -8/Materials Resources | -11 -10 -10 -8 ----------- Run | Yrd Mat Sub Mat Matter Collected 539 | 200 215 . 124 Remotely . | . . . . Salvage Created 589 | . 418 . 171 Parts 36 | . 28 . 8 Haulers Intercepted 1 | . 1 . . Recyclers Shooed . | . . . . Parts Field Recycled . | . . . . Retrieved Matter . | . . . . Parts Self-Destructed . | . . . . Prevented . | . . . . Parts Restored . | . . . . Kills | -11 -10 -10 -8 ------- Run | Yrd Mat Sub Mat Combat Hostiles Destroyed 15 | . 14 . 1 Guns 5 | . 4 . 1 AOE 10 | . 10 . . Classes Destroyed 8 | . 6 . 2 Worker 1 | . 1 . . Builder 2 | . 2 . . Hauler 1 | . 1 . . Recycler 2 | . . . 2 Watcher 1 | . 1 . . Swarmer 3 | . 3 . . Grunt 11 | . 11 . . Hunter 1 | . . . 1 Best Kill Streak 4 | . 4 . 3 Combat Bots Only 3 | . 3 . 1 Max Kills in Single Turn 3 | . 3 . 1 Gunslinging . | . . . . Exploded 2 | . 2 . . Melee . | . . . . Uniques/NPCs Destroyed . | . . . . Combat | -11 -10 -10 -8 -------- Run | Yrd Mat Sub Mat Hostile Shots Fired 67 | . 59 . 8 Missed 13 | . 12 . 1 Hits 54 | . 47 . 7 Projectile 54 | . 47 . 7 Critical Strikes 1 | . 1 . . Damage Taken 681 | . 564 . 117 Core 108 | . 108 . . Absorbed by Shields . | . . . . Core Remaining (%) 78 | 100 . 56 . Volleys Fired 55 | . 48 . 7 Largest 2 | . 2 . 2 Hottest 100 | . 100 . 45 Shots Fired 80 | . 66 . 14 Gun 64 | . 50 . 14 Cannon . | . . . . Launcher 16 | . 16 . . Special . | . . . . Kinetic 31 | . 17 . 14 Thermal 33 | . 33 . . Explosive 16 | . 16 . . Electromagnetic . | . . . . Robot Hit Streak 12 | . 8 . 12 Robot Miss Streak 4 | . 4 . 2 Penetration Max . | . . . . Secondary Targets 2 | . 2 . . Max Gunslinging Chain 1 | . 1 . . Shots Hit Robots 46 | . 36 . 10 Core Hits 42 | . 36 . 6 Critical Kills . | . . . . Critical Parts Destroyed . | . . . . Critical Strikes 2 | . 2 . . Burn 2 | . 2 . . Melee Attacks . | . . . . Impact . | . . . . Slashing . | . . . . Piercing . | . . . . Sneak Attacks . | . . . . Combat Hostiles . | . . . . Follow-up Attacks . | . . . . Damage Inflicted 1493 | . 1370 . 123 Guns 534 | . 411 . 123 Cannons . | . . . . Explosions 959 | . 959 . . Melee . | . . . . Ramming . | . . . . Kinetic 266 | . 143 . 123 Thermal 268 | . 268 . . Explosive 959 | . 959 . . Electromagnetic . | . . . . Impact . | . . . . Slashing . | . . . . Piercing . | . . . . Highest Corruption . | . . . . Average Corruption . | . . . . Corruption Purged . | . . . . Corruption Blocked . | . . . . Overload Shots . | . . . . Overflow Damage . | . . . . Projectiles . | . . . . Explosions . | . . . . Melee . | . . . . Knockbacks . | . . . . Impact . | . . . . Kinetic . | . . . . Secondary . | . . . . Self-Inflicted Damage 44 | . 44 . . Shots 3 | . 3 . . Rammed . | . . . . Targets Rammed . | . . . . Kicked . | . . . . Crushed . | . . . . Highest Temperature 342 | . 342 . . Average Temperature 120 | . 120 . . Received Heat Transfer 282 | . 282 . . Effects 2 | . 2 . . Energy Bleed 2 | . 2 . . Siege Activations . | . . . . Martial Activations . | . . . . Shielding Activations . | . . . . Robots Disrupted . | . . . . Combat Hostiles . | . . . . Robots Corrupted . | . . . . Combat Hostiles . | . . . . Parts Fried . | . . . . Impact Corruptions . | . . . . Robots Melted . | . . . . Combat Hostiles . | . . . . Parts Melted 4 | . 4 . . Heat Transferred 925 | . 925 . . Parts Sabotaged . | . . . . Parts Stolen . | . . . . Parts Stripped . | . . . . Power Chain Reactions . | . . . . Alert | -11 -10 -10 -8 ------- Run | Yrd Mat Sub Mat Maximum Alert Level 1 | . 1 . . Low Security (%) 45 | . 31 . 100 Level 1 54 | . 68 . . Level 2 . | . . . . Level 3 . | . . . . Level 4 . | . . . . Level 5 . | . . . . High Security . | . . . . Max Security . | . . . . Peak Influence 331 | . 331 . 49 Initial 49 | . . . 49 Average 180 | . 220 . 24 Influence Increases 609 | . 560 . 49 Destroy 0b10 Robot/C 300 | . 280 . 20 Destroy 0b10 Robot/NC 35 | . 25 . 10 Destroy Leader 74 | . 64 . 10 Successful Hack 35 | . 27 . 8 Select Force Hacks 60 | . 60 . . Disable Machine 30 | . 30 . . Destroy Structure 60 | . 59 . 1 Lose Combat Pursuer 15 | . 15 . . Influence Decreases 590 | . 280 185 125 Entered New Map 181 | . . 135 46 Time Decay 370 | . 250 50 70 Lost Part 39 | . 30 . 9 Squads Dispatched 4 | . 4 . . Investigation 2 | . 2 . . Extermination . | . . . . Reinforcement 2 | . 2 . . Assault . | . . . . Garrison . | . . . . Intercept . | . . . . Searches Triggered . | . . . . Construction Impeded . | . . . . Haulers Reinforced . | . . . . Active Scanning Responses . | . . . . Cargo Convoy Interrupts . | . . . . Stealth | -11 -10 -10 -8 --------- Run | Yrd Mat Sub Mat Distress Signals 2 | . 2 . . Communications Jammed . | . . . . Distress Signals . | . . . . Times Spotted 24 | . 20 . 4 Peak Tracking Total 4 | . 4 . 4 Tactical Retreats 1 | . 1 . . Traps | -11 -10 -10 -8 ------- Run | Yrd Mat Sub Mat Traps Triggered 2 | . 2 . . Indirectly . | . . . . Trap Hack Attempts . | . . . . Triggered . | . . . . Disarmed . | . . . . Reprogrammed . | . . . . Reused . | . . . . Traps Extracted . | . . . . Installed . | . . . . Triggered . | . . . . Machines | -11 -10 -10 -8 ---------- Run | Yrd Mat Sub Mat Machines Disabled 2 | . 2 . . Max in Single Turn 1 | . 1 . . Machines Repaired . | . . . . Machines Dismantled . | . . . . Machines Sabotaged . | . . . . Overloaded Fab Kills . | . . . . Hacking | -11 -10 -10 -8 --------- Run | Yrd Mat Sub Mat Machines Accessed 6 | . 5 . 1 Terminals 4 | . 3 . 1 Fabricators . | . . . . Repair Stations . | . . . . Recycling Units 2 | . 2 . . Scanalyzers . | . . . . Garrison Access . | . . . . Total Hacks 17 | . 15 . 2 Successful 12 | . 10 . 2 Failed 4 | . 4 . . Catastrophic . | . . . . Database Lockouts 1 | . 1 . . Manual 15 | . 13 . 2 Terminals 15 | . 13 . 2 Fabricators . | . . . . Repair Stations . | . . . . Recycling Units 2 | . 2 . . Scanalyzers . | . . . . Garrison Access . | . . . . Terminal Hacks 8 | . 7 . 1 Robot Analysis 3 | . 3 . . Branch Access Points 2 | . 1 . 1 Terminal Index 1 | . 1 . . Recycling Unit Index 1 | . 1 . . Zone Layout 1 | . 1 . . Fabricator Hacks . | . . . . Repair Station Hacks . | . . . . Recycling Unit Hacks . | . . . . Scanalyzer . | . . . . Garrison Access Hacks . | . . . . Unauthorized Hacks 4 | . 3 . 1 Terminals 2 | . 1 . 1 Botnet 2 | . 1 . 1 Fabricators . | . . . . Repair Stations . | . . . . Recycling Units 2 | . 2 . . Tunnel 2 | . 2 . . Scanalyzers . | . . . . Garrison Access . | . . . . Data Cores Recovered . | . . . . Used . | . . . . Hacking Detections 2 | . 2 . . Full Trace Events . | . . . . Feedback Events . | . . . . Feedback Blocked . | . . . . Robot Schematics Acquired . | . . . . Robots Built . | . . . . Authchips . | . . . . Time . | . . . . Total Robot Build Rating . | . . . . Part Schematics Acquired . | . . . . Parts Built . | . . . . Authchips . | . . . . Time . | . . . . Total Part Build Rating . | . . . . Part Studies Acquired . | . . . . Parts Repaired . | . . . . Time . | . . . . Parts Recycled . | . . . . Recycled Matter . | . . . . Retrieved Matter . | . . . . Retrieved Components . | . . . . Parts Scanalyzed . | . . . . Part Schematics Acquired . | . . . . Parts Damaged . | . . . . Bothacking | -11 -10 -10 -8 ------------ Run | Yrd Mat Sub Mat Used RIF Installer . | . . . . Robots Hacked . | . . . . Non-combat . | . . . . Combat . | . . . . Robot Hacks Applied . | . . . . Relay Couplers Released . | . . . . Fabnet Peak Effective % . | . . . . Robots Rewired . | . . . . Allies Hacked . | . . . . Hacks Repelled . | . . . . Allies | -11 -10 -10 -8 -------- Run | Yrd Mat Sub Mat Total Allies . | . . . . Largest Group . | . . . . Highest-Rated Group . | . . . . Highest-Rated Ally . | . . . . Total Orders . | . . . . Ally Attacks . | . . . . Total Damage . | . . . . Kills . | . . . . Allies Corrupted . | . . . . Allies Melted . | . . . . Intel | -11 -10 -10 -8 ------- Run | Yrd Mat Sub Mat Active Infowar (turns) . | . . . . Robot Analysis Total 3 | . 3 . . Derelict Logs Recovered 1 | . . 1 . Drone Launches . | . . . . Drone Recoveries . | . . . . Exploration | -11 -10 -10 -8 ------------- Run | Yrd Mat Sub Mat Turns Passed 840 | . 584 104 152 Spaces Moved 452 | 1 313 81 57 Core . | . . . . Treads 47 | . . . 47 Legs 170 | 1 169 . . Wheels 235 | . 144 81 10 Hover . | . . . . Flight . | . . . . Fastest Speed 120 | 120 120 130 130 Average Speed 137 | 120 124 130 220 Slowest Speed 240 | 120 130 130 240 Overloaded Moves . | . . . . Propulsion Burnouts . | . . . . Robots Hopped . | . . . . Potential Cave-ins . | . . . . Cave-ins Triggered . | . . . . Exploration Rate (%) 20 | 2 63 9 6 Regions Visited 3 Branch Regions 1 Pre-discovered Areas 2 | . 2 . . Known Exits Taken 1 | . . 1 . Unknown Exits Taken 2 | 1 1 . . Scrap Searched . | . . . . Spaces Dug . | . . . . Terrain Destroyed 85 | . 85 . . Melee . | . . . . Projectile . | . . . . AOE 85 | . 85 . . Terrain Rammed . | . . . . Walls Destroyed . | . . . . Machines Disabled . | . . . . Actions | -11 -10 -10 -8 --------- Run | Yrd Mat Sub Mat Total 585 | . 434 80 71 Wait 47 | . 47 . . Move 449 | . 312 80 57 Hop . | . . . . Pick Up 10 | . 8 . 2 Fast Attach 6 | . 5 . 1 Attach 3 | . 1 . 2 Detach 1 | . . . 1 Swap 12 | . 11 . 1 Drop 2 | . 2 . . Fire 55 | . 48 . 7 Melee . | . . . . Ram . | . . . . Kick . | . . . . Crush . | . . . . Escape Stasis . | . . . . Rewire . | . . . . Trap . | . . . . Miscellaneous . | . . . . Route ------- -11/Scrapyard -10/Materials (discovered 3 exits: [*Mat] / Min / [*Sub]) -10/Subcaves -8/Materials History --------- Turn | Location | Event 1 | -11/Scrapyard | Discovered new exit (range 0) 1 | -11/Scrapyard | Entered Materials 122 | -10/Materials | Identified exit to Mines 313 | -10/Materials | Build established: Mutant 345 | -10/Materials | Discovered new exit (range 4) 446 | -10/Materials | Lost 3 parts (2p1u) 499 | -10/Materials | Central database locked down 568 | -10/Materials | Discovered new exit (range 6) 585 | -10/Materials | Entered Subcaves 586 | -10/Subcaves | Approached by a straggling Scientist 589 | -10/Subcaves | Identified exit to Materials 689 | -10/Subcaves | Entered Materials 689 | -8/Materials | Evolved 4 slots: Propulsion x2, Utility x2 841 | -8/Materials | Self-destructed Last Messages --------------- 00807_ K-01 Serf collects debris. 00808_ Acquired 61 matter. 00809_ R-06 Scavenger collects Tractor Beam. 00810_ R-06 Scavenger destroyed. 00812_ K-01 Serf collects debris. 00814_ U-05 Engineer builds a Door. 00815_ K-01 Serf collects debris. 00815_ Acquired Gauss Rifle. 00816_ Acquired 63 matter. 00819_ K-01 Serf collects debris. 00821_ Acquired Lgt. Nuclear Core. 00823_ K-01 Serf collects debris. 00841_ Connecting with Terminal... >>Trojan(Botnet) Trojan loaded successfully. Testing... Terminal linked with 0 systems. Awaiting botnet instructions. >>Access(Branch) No branch access points found. Map ----- +----------------------------------------------------+ | | | | | | | | | | | | | | | | | | | | | ?????????????????????????????????????????????????? | | ?????????????????????????????????????????????????? | | ?????????????????????????????????????????????????? | | ???????#########???###########???????????????????? | | ??????# ##### #???????????????????? | | ??????#! """ # # """ #???????????????????? | | ??????# """ # # """"" #???????????????????? | | ??????# """ # # """"" #???????????????????? | | ??????# + + """"" #???????????????????? | | ??????# """ # # """ #???????????????????? | | ??????# """ # # #???????????????????? | | ??????# """ # #! #???????????????????? | | ??????# # ! ###########???????????????????? | | ???????#########=! # """ #???????????????????? | | ???????# #= # "T" #???????????????????? | | ???????# + =!+ @ +???????????????????? | | ???????# # # #???????????????????? | | ???????######### ###########???????????????????? | | ???????????????#% #?????????????????????????????? | | ??????????????# #????????????????????????????? | | ????????????? ???????????????????????????? | | ???????????? T ??????????????????????????? | | ??????????? % ?????????????????????????? | | ?????????? #### ###+#????????????????????????? | | ????????? ????###+###????????????????????????????? | | ???????? ????????????????????????????????????????? | | ?????????????????????????????????????????????????? | | ?????????????????????????????????????????????????? | | ?????????????????????????????????????????????????? | | ?????????????????????????????????????????????????? | | ?????????????????????????????????????????????????? | | ?????????????????????????????????????????????????? | | ?????????????????????????????????????????????????? | | ?????????????????????????????????????????????????? | | ?????????????????????????????????????????????????? | | ?????????????????????????????????????????????????? | | ?????????????????????????????????????????????????? | | ?????????????????????????????????????????????????? | | ?????????????????????????????????????????????????? | | ?????????????????????????????????????????????????? | +----------------------------------------------------+ Best States ------------- Heat Dissipation 35 Energy Generation 10 Energy Capacity 250 Matter Stores 300 Matter Capacity 300 Sight Range 16 Terrain Scan Density 10 Evasion (%) 55 Recoil Reduction 3 Item Schematics ----------------- None Robot Schematics ------------------ None Fabricated ------------ Nothing Repaired ---------- Nothing Studied --------- None Alien Tech Used ----------------- None Achievements -------------- None Challenges ------------ None Game ------ Seed VariableInterdictionScrap Manual? 0 Play Time 00:06:45 Cumulative 416.7 hours Start 2026.09.16 @ 01:44:11 End 2026.09.16 @ 01:50:09 Sessions 1 Manual Loads 0 Difficulty Rogue Special Mode None Game No. 364 Rogue 310 Adventurer 54 Explorer 0 Win Type - Total 25 Types 15/2/1/1/1/1/1/1/1/1 Lore% 83 Gallery% 71 Achievement% 72 Wizard Run 0 Options --------- Layout 1 ASCII 0 Keyboard 0 Movement Mouse Keybinds 1 Fullscreen 2 Font 32/Tamsyn Map View 50x35 Zoom Use 0% Tactical HUD 1 Map Filters NONE Filters NONE Steam 1 RUN: 19f20b5a-4730-4446-8b38-2aef9e6bd02e